 Dungeon Crawl Stone Soup version 0.21.0 (webtiles) character file.

317 ranglespleeg the Shield-Bearer (level 6, -4/47 HPs)
             Began as a Formicid Fighter on Jan 21, 2018.
             Slain by a sky beast (6 damage)
             ... on level 4 of the Dungeon.
             The game lasted 00:03:40 (2730 turns).

ranglespleeg the Shield-Bearer (Formicid Fighter)   Turns: 2730, Time: 00:03:41

Health: -4/47      AC:  9    Str: 27    XL:     6   Next: 73%
Magic:  6/6        EV:  7    Int:  8    God:
Gold:   149        SH: 10    Dex: 10    Spells: 5/5 levels left

rFire    . . .     SeeInvis +   a - +0 war axe
rCold    . . .     Gourm    .   c - +0 shield
rNeg     . . .     Faith    .   v - +0 chain mail
rPois    .         Spirit   .   (helmet unavailable)
rElec    .         Reflect  .   (no cloak)
rCorr    .         Harm     .   (no gloves)
MR       .....                  (no boots)
Stlth    ..........             (no amulet)
HPRegen  0.15/turn              (no ring)
MPRegen  0.10/turn              (no ring)

@: mighty
A: permanent stasis, dig shafts and tunnels, four strong arms, antennae 3
a: Dig, Shaft Self


You were on level 4 of the Dungeon.
You were not hungry.

You visited 1 branch of the dungeon, and saw 4 of its levels.

You collected 149 gold pieces.

Inventory:

Hand Weapons
 a - a +0 war axe (weapon)
Armour
 c - a +0 shield (worn)
 v - a +0 chain mail (worn)
Scrolls
 g - 2 scrolls of identify {unknown}
 i - 3 scrolls of blinking {unknown}
 j - a scroll of teleportation {unknown}
 l - 2 scrolls of immolation {unknown}
 p - a scroll of magic mapping {unknown}
 r - a scroll of remove curse {unknown}
Potions
 k - a potion of agility {unknown}
 m - a potion of heal wounds {unknown}
 n - a potion of cancellation {unknown}
 s - 2 potions of curing {unknown}
 t - a potion of lignification {unknown}
 u - 2 potions of flight {unknown}
Comestibles
 f - 10 rations


   Skills:
 - Level 3.2 Fighting
 + Level 4.0 Axes
 + Level 5.2 Armour
 + Level 5.7 Shields


You had 5 spell levels left.
You didn't know any spells.

Dungeon Overview and Level Annotations

Branches:
Dungeon (4/15)
 Temple: D:4-7

Altars:
Nemelex Xobeh


Innate Abilities, Weirdness & Mutations

You cannot be hasted, slowed, berserked, paralysed or teleported.
You can dig through walls and to a lower floor.
Your four strong arms can wield two-handed weapons with a shield.
You have a pair of large antennae on your head. (SInv)


Message History

The sky beast hits you but does no damage.
You feel very mighty all of a sudden. You block the centaur's attack.
The centaur hits you but does no damage.
You block the sky beast's attack.
You barely miss the sky beast.
The sky beast is heavily wounded.
You hit the centaur.
You kill the centaur!
Your Axes skill increases to level 4!
Your Armour skill increases to level 5!
The sky beast hits you.
* * * LOW HITPOINT WARNING * * *
The sky beast shocks you.
* * * LOW HITPOINT WARNING * * *
You slash the sky beast!
The sky beast is severely wounded.
The sky beast hits you.
* * * LOW HITPOINT WARNING * * *
The sky beast shocks you.
You die...

#.... #... .c #.# #..##
#.# #.# #...# #.### #.#
#.#.####.#.# #.#
#.#.<....#.# .
#.###.######...# ..
#.##..######.)## ...
#.##..##.....Y@# ....
#.##..##.###.#####..Y..
#...[...........S.....#
####..##..........[....
##..##...##..(.......
#.......#............
##.##.######..###....
#####.##.# ##.# .#.
#........# #..# #


You could see a sky beast.

Vanquished Creatures
  A centaur (D:4)
  A centaur zombie (D:3)
  An orc priest (D:4)
  3 gnolls (D:3)
  4 adders
  An adder skeleton (D:3)
  3 worms (D:2)
  4 dart slugs
  2 leopard geckos
  14 orcs
  3 giant cockroaches
  6 hobgoblins
  10 jackals
  6 kobolds
  A quokka (D:3)
  6 bats
  A frilled lizard (D:3)
  8 goblins
  2 rats
77 creatures vanquished.

Notes
Turn   | Place    | Note
-------+----------+-------------------------------------------
     0 | D:1      | ranglespleeg the Formicid Fighter began the quest for the Orb.
     0 | D:1      | Reached XP level 1. HP: 18/18 MP: 1/1
    78 | D:1      | Reached XP level 2. HP: 16/24 MP: 2/2
   351 | D:1      | Reached XP level 3. HP: 29/29 MP: 3/3
   505 | D:1      | Found a sparkling altar of Nemelex Xobeh.
   831 | D:2      | Reached XP level 4. HP: 26/35 MP: 4/4
  1735 | D:3      | Reached XP level 5. HP: 28/41 MP: 5/5
  2026 | D:3      | Reached skill level 5 in Shields
  2542 | D:3      | Reached XP level 6. HP: 35/47 MP: 6/6
  2706 | D:4      | Noticed a sky beast
  2729 | D:4      | Reached skill level 5 in Armour
  2730 | D:4      | HP: 2/47 [sky beast (4)]
  2730 | D:4      | Slain by a sky beast

Skill      XL: |  1  2  3  4  5  6 |
---------------+-------------------+-----
Shields        | 4 5 |  5.7
Armour         | 4 5 |  5.2
Axes           | 3 4 |  4.0
Fighting       | |  3.2

Action                   |  1- 3 |  4- 6 || total
-------------------------+-------+-------++-------
Melee: War axe           |   112 |   173 ||   285
  Use: Potion            |       |     1 ||     1
  Eat: Chunk             |       |     6 ||     6
Armor: Scale mail        |    56 |    67 ||   123
       Chain mail        |       |    13 ||    13
Dodge: Dodged            |    33 |    66 ||    99
Block: Shield            |    58 |    93 ||   151
